 Dungeon Crawl Stone Soup version 0.31-a0-1403-gd128f73 (webtiles) character file.

Game seed: 14786890695939991242

24559 samfromsteam the Protected (level 12, 0/115 HPs)
             Began as a Minotaur Fighter on Dec 25, 2023.
             Was an Elder of the Shining One.
             Slain by an 11-headed hydra (9 damage)
             ... on level 3 of the Lair of Beasts.
             The game lasted 00:42:36 (15689 turns).

samfromsteam the Protected (Minotaur Fighter)      Turns: 15689, Time: 00:42:36

Health: 0/115      AC: 15    Str: 26    XL:     12   Next: 81%
Magic:  11/11      EV: 13    Int:  5    God:    the Shining One [****..]
Gold:   1133       SH:  8    Dex: 10    Spells: 11/11 levels left

rFire   . . .        c - +4 war axe
rCold   + . .        R - +0 kite shield
rNeg    + + .        N - +4 scale mail {rF+}
rPois   .            (helmet restricted)
rElec   .            r - +0 cloak
rCorr   +            (no gloves)
SInv    .            (no boots)
Will    .....        T - amulet of the acrobat Stlth
                     g - ring of ice
HPRegen 0.39/turn    y - ring of resist corrosion
MPRegen 0.12/turn

%: acrobat
@: mighty, glowing
A: horns 2, retaliatory headbutt
a: Renounce Religion, Divine Shield, Cleansing Flame


You were on level 3 of the Lair of Beasts.
You worshipped the Shining One.
The Shining One was greatly pleased with you.
You visited 3 branches of the dungeon, and saw 17 of its levels.
You also visited: Ossuary.

You collected 1293 gold pieces.
You spent 160 gold pieces at shops.

Inventory:

Hand Weapons
 b - a +2 halberd of protection
 c - a +4 war axe (weapon)
 J - the +2 short sword "Zoemea" {holy, Dex+4 SInv}
   (You found it on level 5 of the Dungeon)

   Dex+4:     It affects your dexterity (+4).
   SInv:      It lets you see invisible.
Missiles
 S - a throwing net {!f}
Armour
 r - a +0 cloak (worn)
 K - a +0 cloak
 N - a +4 scale mail of fire resistance (worn)
 R - a +0 kite shield (worn)
Jewellery
 g - a ring of ice (left hand)
 y - a ring of resist corrosion (right hand)
 O - a ring of wizardry
 T - an amulet of the acrobat (around neck)
 U - a ring of willpower
Talismans
 f - a serpent talisman
 u - a blade talisman
Wands
 q - a wand of iceblast (19)
Scrolls
 a - 2 scrolls of blinking {unknown}
 i - 5 scrolls of torment {!r}
 k - 3 scrolls of fear {unknown}
 l - 3 scrolls of vulnerability {unknown}
 m - 5 scrolls of revelation
 o - 6 scrolls of teleportation
 p - a scroll of acquirement {unknown}
 s - 3 scrolls of enchant armour {unknown}
 t - a scroll of enchant weapon {unknown}
 v - 2 scrolls of immolation {unknown}
 x - 4 scrolls of amnesia
 D - 4 scrolls of poison {!r}
 E - a scroll of butterflies {unknown}
 F - a scroll of silence {unknown}
 H - a scroll of brand weapon {unknown}
 I - a scroll of noise {unknown}
 Q - a scroll of fog {unknown}
Potions
 d - 4 potions of might
 e - 7 potions of lignification {!q}
 h - 3 potions of curing
 j - 3 potions of enlightenment
 n - 3 potions of ambrosia
 w - a potion of berserk rage
 z - 4 potions of attraction {!q}
 A - 2 potions of mutation {!q!q}
 B - 3 potions of invisibility
 C - 6 potions of heal wounds
 G - 4 potions of haste
 L - a potion of brilliance {unknown}
 M - a potion of resistance {unknown}
 P - a potion of degeneration {unknown}


   Skills:
 + Level 13.4 Fighting
 - Level 4.0 Long Blades
 + Level 12.8 Axes
 + Level 13.5 Armour
 + Level 11.9 Dodging
 - Level 3.6 Shields


You had 11 spell levels left.
You didn't know any spells.
Your spell library contained the following spells:

 Spells                   Type           Power      Damage    Failure   Level
 Apportation              Tloc           0%         N/A       90%         1
 Kiss of Death            Conj/Necr      0%         2d5       90%         1
 Sting                    Conj/Alch      0%         1d3       90%         1
 Blink                    Tloc           0%         N/A       97%         2
 Call Imp                 Summ           0%         N/A       97%         2
 Cigotuvi's Dreadful Rot  Necr/Alch/Air  0%         N/A       97%         2
 Ensorcelled Hibernation  Hex/Ice        0%         N/A       97%         2
 Jinxbite                 Hex            0%         N/A       97%         2
 Lesser Beckoning         Tloc           0%         N/A       97%         2
 Mercury Vapours          Alch/Air       0%         N/A       97%         2
 Momentum Strike          Conj/Tloc      0%         3d8       97%         2
 Sublimation of Blood     Necr           0%         N/A       97%         2
 Confusing Touch          Hex            0%         N/A       99%         3
 Fugue of the Fallen      Necr           0%         N/A       99%         3
 Anguish                  Hex/Necr       0%         N/A       100%        4
 Cause Fear               Hex            0%         N/A       100%        4
 Dispel Undead            Necr           0%         3d6       100%        4
 Olgreb's Toxic Radiance  Alch           0%         N/A       100%        4
 Alistair's Intoxication  Alch           0%         N/A       100%        5
 Death Channel            Necr           0%         N/A       100%        6
 Enfeeble                 Hex            0%         N/A       100%        7
 Summon Hydra             Summ           0%         N/A       100%        7


Dungeon Overview and Level Annotations

Branches:
Dungeon (13/15)            Temple (1/1) D:6            Lair (3/5) D:10
    Orc (0/2) D:12        Ossuary (visited)
  Swamp: Lair:2-3    Shoals: Lair:2-3     Snake: Lair:2-3    Spider: Lair:2-3
 Vaults: D:13-14

Altars:
Ashenzari
Cheibriados
Dithmenos
Elyvilon
Fedhas
Gozag
Hepliaklqana
Kikubaaqudgha
Makhleb
Nemelex Xobeh
Okawaru
Qazlal
Ru
Sif Muna
Trog
Uskayaw
Vehumet
Wu Jian
Xom
Yredelemnul
Zin
The Shining One

Shops:
D:4 [(*   D:6 !?=[   D:7 [

Annotations:
D:6 2 transporters


Innate Abilities, Weirdness & Mutations

You have a pair of horns on your head.
You reflexively headbutt those who attack you in melee.


Message History

The black bear claws you but does no damage.
You feel very mighty all of a sudden. The komodo dragon bites you!
The nine-headed hydra misses you.
The nine-headed hydra bites you. x2; The nine-headed hydra bites you!
The nine-headed hydra bites you but does no damage. x2
The nine-headed hydra barely misses you.
You block the nine-headed hydra's attack.
The nine-headed hydra barely misses you.
The black bear closely misses you. You block the black bear's attack. x2
Unknown command.
You hack one of the nine-headed hydra's heads off!
The eight-headed hydra grows two more!
You slash the ten-headed hydra!
The ten-headed hydra is lightly wounded.
You hit the komodo dragon. You slash the black bear!
You block the komodo dragon's attack.
The ten-headed hydra bites you but does no damage. x3
The ten-headed hydra bites you!
You block the ten-headed hydra's attack.
The ten-headed hydra closely misses you.
You block the ten-headed hydra's attack.
The ten-headed hydra bites you but does no damage. x3
The black bear bites you but does no damage.
The black bear closely misses you. The black bear completely misses you.
Unknown command.
You lop one of the ten-headed hydra's heads off!
The nine-headed hydra grows two more!
You slice the 11-headed hydra!!
The 11-headed hydra is moderately wounded.
You slice the komodo dragon!! You slice the black bear!!
You kill the black bear!
The komodo dragon bites you!
* * * LOW HITPOINT WARNING * * *
The 11-headed hydra bites you!
* * * LOW HITPOINT WARNING * * *
The 11-headed hydra bites you!
* * * LOW HITPOINT WARNING * * *
The 11-headed hydra barely misses you. You block the 11-headed hydra's attack.
The 11-headed hydra misses you.
The 11-headed hydra bites you but does no damage.
You block the 11-headed hydra's attack. The 11-headed hydra bites you!
You die...

###### #####.#.#.#
##..........
..........
#.......##
#........# #.D.....#
##@......#
#..l.....#
##.......###.......
#..................
##.................
##..................
#.#.......###.......
##........##........
##..>....P##.......


You could see a 11-headed hydra and a komodo dragon.

Vanquished Creatures
  A centaur warrior (D:12)
  2 two-headed ogres
  Nergalle (D:12)
  The ghost of kasel the Fighter, a novice DrFi of Gozag (D:7)
  2 cyclopes
  Joseph (D:7)
  A black mamba (Lair:1)
  A torpor snail (Lair:1)
  4 cane toads (Lair:2)
  2 rime drakes
  5 komodo dragons
  6 trolls
  15 blink frogs
  2 shadows
  3 wyverns
  19 yaks
  A vampire (D:11)
  6 vampire mosquitoes
  A basilisk (Lair:1)
  2 steam dragons
  6 water moccasins
  2 acid dragons
  Duvessa (D:7)
  11 orc warriors
  2 sky beasts (D:7)
  A black bear (Lair:3)
  3 ice beasts
  12 wolves (Lair:2)
  6 centaurs
  3 kobold brigands
  14 bullfrogs
  5 scorpions
  Dowan (D:7)
  7 wights
  14 killer bees
  4 howler monkeys
  A bombardier beetle (D:5)
  A wyvern simulacrum (D:7)
  2 hounds
  A jelly (D:4)
  A human zombie (Ossuary)
  12 orc priests
  A gnoll bouda (D:9)
  A sleepcap (D:6)
  6 iguanas
  14 orc wizards
  4 scorpion zombies (Ossuary)
  6 hell rats (Lair:1)
  2 centaur simulacra (D:7)
  3 mummies (Ossuary)
  7 gnolls
  6 adders
  12 river rats (Lair:1)
  A shadow imp (D:5)
  4 white imps
  4 adder zombies (Ossuary)
  2 worms
  A dart slug (D:2)
  69 orcs
  9 ball pythons
  6 bats
  10 endoplasms
  6 giant cockroaches
  5 gnoll zombies (Ossuary)
  10 goblins
  8 hobgoblins
  12 jackals
  23 kobolds
  9 quokkas
  4 frilled lizards
  2 jackal zombies (Ossuary)
  A kobold zombie (Ossuary)
  20 rats
454 creatures vanquished.

Vanquished Creatures (others)
  3 kobolds (D:8)
3 creatures vanquished.

Grand Total: 457 creatures vanquished

Notes
Turn   | Place    | Note
-------+----------+-------------------------------------------
     0 | D:1      | samfromsteam the Minotaur Fighter began the quest for the
                  | Orb.
     0 | D:1      | Reached XP level 1. HP: 19/19 MP: 0/0
   269 | D:1      | Reached XP level 2. HP: 25/27 MP: 1/1
   777 | D:1      | Reached skill level 1 in Dodging
  1052 | D:2      | Found a shadowy altar of Dithmenos.
  1062 | D:2      | Reached XP level 3. HP: 30/33 MP: 2/2
  1211 | D:2      | Reached XP level 4. HP: 29/38 MP: 3/3
  2135 | D:3      | Found a radiant altar of Vehumet.
  2158 | D:3      | Found a snail-covered altar of Cheibriados.
  2161 | D:3      | Found a broken altar of Ashenzari.
  2246 | D:4      | Found Vunudodd's Antique Weapon Shop.
  2246 | D:4      | Found Jimmafal's Antique Armour Shop.
  2264 | D:4      | Found Buxev's Assorted Antiques.
  2291 | D:4      | Reached skill level 1 in Axes
  2291 | D:4      | Reached XP level 5. HP: 47/47 MP: 4/4
  2401 | D:4      | Found a sand-covered staircase.
  2417 | Ossuary  | Entered an ossuary
  2575 | Ossuary  | Reached skill level 5 in Armour
  2609 | Ossuary  | Reached skill level 5 in Fighting
  2609 | Ossuary  | Reached XP level 6. HP: 56/56 MP: 5/5
  3027 | D:4      | Reached XP level 7. HP: 56/61 MP: 6/6
  3466 | D:4      | Found a shimmering blue altar of Sif Muna.
  3554 | D:5      | Entered Level 5 of the Dungeon
  3888 | D:5      | Found a bloodstained altar of Trog.
  4008 | D:5      | Identified the +2 short sword "Zoemea" {holy, Dex+4 SInv}
  4275 | D:5      | Reached XP level 8. HP: 71/71 MP: 7/7
  4703 | D:6      | Reached skill level 5 in Axes
  4703 | D:6      | Reached skill level 5 in Dodging
  4733 | D:6      | Found Cuzeuth's Magic Scroll Shoppe.
  4743 | D:6      | Bought a scroll of identify for 28 gold pieces
  4792 | D:6      | Found a staircase to the Ecumenical Temple.
  4795 | D:6      | You fall into a shaft and drop 2 floors!
  5065 | D:7      | Found a runed translucent gate.
  5066 | D:7      | Found a runed translucent gate.
  5067 | D:7      | Found a runed translucent gate.
  5179 | D:7      | Noticed kasel's ghost (novice DrFi)
  5196 | D:7      | Noticed Joseph
  5196 | D:7      | Noticed Duvessa
  5196 | D:7      | Noticed Dowan
  5208 | D:7      | Killed Duvessa
  5209 | D:7      | Killed Joseph
  5210 | D:7      | Reached XP level 9. HP: 34/81 MP: 8/8
  5211 | D:7      | Killed Dowan
  5535 | D:7      | Found Zosa's Armour Emporium.
  6215 | D:7      | Killed kasel's ghost
  6501 | Temple   | Entered the Ecumenical Temple
  6535 | Temple   | Became a worshipper of the Shining One
  6746 | D:6      | Found Gelexzi's Jewellery Shop.
  6790 | D:6      | Found a transporter.
  6790 | D:6      | Found Ixiuhyhu's Antique Armour Emporium.
  6880 | D:6      | Found a transporter.
  7021 | D:6      | Found Toalluj's Distillery.
  7026 | D:6      | Bought a potion of curing for 36 gold pieces
  7026 | D:6      | Bought a potion of might for 48 gold pieces
  7026 | D:6      | Bought a potion of might for 48 gold pieces
  7362 | D:8      | Reached XP level 10. HP: 78/91 MP: 9/9
  7906 | D:9      | Reached * piety under the Shining One
  8333 | D:9      | Found a shimmering altar of Xom.
  8334 | D:9      | Found a burning altar of Makhleb.
  8335 | D:9      | Found a sparkling altar of Nemelex Xobeh.
  8685 | D:9      | Found a shadowy altar of Dithmenos.
  8730 | D:9      | Reached skill level 10 in Fighting
  8731 | D:9      | Reached skill level 10 in Armour
  8999 | D:10     | Entered Level 10 of the Dungeon
  9297 | D:10     | Noticed a two-headed ogre
  9322 | D:10     | Killed a two-headed ogre
  9747 | D:10     | Found a staircase to the Lair.
  9971 | D:11     | Noticed a cyclops
  9975 | D:11     | Killed a cyclops
 10002 | D:11     | Reached XP level 11. HP: 73/101 MP: 10/10
 10201 | D:11     | Reached skill level 10 in Axes
 10205 | D:11     | Found a burning altar of Makhleb.
 10331 | D:11     | Reached ** piety under the Shining One
 11000 | D:12     | Noticed Nergalle
 11282 | Lair:1   | Entered Level 1 of the Lair of Beasts
 11335 | D:12     | Noticed a two-headed ogre
 11340 | D:12     | Killed a two-headed ogre
 11341 | D:12     | Reached skill level 10 in Dodging
 11691 | D:12     | Found a staircase to the Orcish Mines.
 11775 | D:12     | Killed Nergalle
 11957 | D:12     | Noticed a centaur warrior
 11968 | D:12     | Killed a centaur warrior
 11970 | D:12     | Reached *** piety under the Shining One
 12332 | D:12     | Found a hazy altar of Hepliaklqana.
 12403 | D:13     | Noticed a centaur warrior
 12984 | Lair:1   | Reached XP level 12. HP: 103/112 MP: 11/11
 13440 | Lair:1   | Found a shimmering blue altar of Sif Muna.
 14575 | Lair:2   | Noticed an eight-headed hydra
 14608 | Lair:2   | Noticed an eight-headed hydra
 14931 | Lair:2   | Reached **** piety under the Shining One
 15548 | Lair:3   | Noticed an eight-headed hydra
 15689 | Lair:3   | HP: 9/115 [11-headed hydra (13)]
 15689 | Lair:3   | Slain by an 11-headed hydra

Illustrated notes

Levels and vault maps discovered:
D:1:      dpeg_arrival_snail, layout_basic
D:2:      minmay_evil_eye, layout_rooms, basic_altar, minmay_tromino_v4_a
D:3:      layout_basic, minitemple
D:4:      layout_loops_ring, kennysheep_orc_sif_temple,
          mainiacjoe_ossuary_entry_dusty_tomb,
          nicolae_shop_distant_corner_stores
D:5:      layout_loops_cross, trog_book
D:6:      layout_loops_ring, minmay_temple_entry_large_hall, serial_shops,
          nicolae_shop_drivethru, shop, shop, kennysheep_little_box
D:7:      layout_cave_pods, enter_bailey_4, serial_shops, nicolae_diamond_shop,
          gammafunk_ghost_icy, uniq_joseph, uniq_duvessa
D:8:      layout_rooms, serial_glass, glass_columns_a, glass_columns_a,
          item_on_display_a
D:9:      layout_cave_pods, mainiacjoe_overflow_alcove_3
D:10:     layout_roguey [special_room_orc], lair_entry_dummy, evilmike_minifort
D:11:     layout_cave_pools, st_stairs_11, bloody_makhleb
D:12:     layout_basic, david_orc_4, nicolae_hepliaklqana_hazy_memory,
          uniq_nergalle
D:13:     lemuel_traditional_vault, layout_basic, grunt_vaults_entry_tiered,
          marbit_kobold_abyssish
Temple:   hellmonk_temple_forest_ring
Lair:1:   lemuel_ratsnest, layout_regular_city, basic_altar
Lair:2:   layout_roguey, nicolae_lair_lil_pond
Lair:3:   layout_long_grid, mainiacjoe_swamp_entry_lozenge_pond,
          minmay_snake_entry_guardpost_medium, gammafunk_ghost_cemetery,
          nicolae_quartered_pool_impasse, beast_lair_carwin_2,
          infiniplex_staircase_pool, lemuel_fruit_fields, lemuel_fruit_fields

Skill      XL: |  1  2  3  4  5  6  7  8  9 10 11 12 |
---------------+-------------------------------------+-----
Long Blades    | 3 4 |  4.0
Dodging        | 1 2 3 4 6 7 9 10 11 | 11.9
Fighting       | 4 5 6 7 9 10 12 13 | 13.4
Armour         | 4 5 6 7 9 10 12 13 | 13.5
Axes           | 1 2 3 4 6 8 9 11 12 | 12.8
Shields        | |  3.6

Action                     |  1- 3 |  4- 6 |  7- 9 | 10-12 || total
---------------------------+-------+-------+-------+-------++-------
  Melee: Long sword        |    99 |     7 |       |       ||   106
         Headbutt          |    19 |    32 |    68 |   123 ||   242
         Hand axe          |       |   206 |    59 |       ||   265
         Short sword       |       |       |    92 |       ||    92
         Broad axe         |       |       |   211 |   171 ||   382
         War axe           |       |       |       |   384 ||   384
    Use: Scroll            |       |       |    11 |     4 ||    15
         Potion            |       |       |     1 |     3 ||     4
 Armour: Scale mail        |    64 |   129 |   261 |   480 ||   934
  Dodge: Dodged            |    55 |    92 |   146 |   410 ||   703
  Block: Buckler           |    23 |    39 |    67 |       ||   129
         Kite shield       |       |       |    17 |   290 ||   307

Table legend: (Time is in decaauts)
 A = Elapsed time spent in this place.
 B = Non-inter-level travel time spent in this place.
 C = Inter-level travel time spent in this place.
 D = Time resting spent in this place.
 E = Time spent auto-exploring this place.
 F = Levels seen in this place.
 G = Mean time per level.
                   A        B        C        D        E       F      G
               +--------+--------+--------+--------+--------+-----+--------+
         Total |  15907 |  15176 |    731 |   2661 |   9503 |  18 |  883.7 |
       Dungeon |  12467 |  11835 |    632 |   2036 |   7583 |  13 |  959.0 |
        Temple |     42 |     34 |      8 |      0 |      0 |   1 |   42.0 |
          Lair |   2851 |   2760 |     91 |    461 |   1807 |   3 |  950.3 |
       Ossuary |    545 |    545 |      0 |    164 |    113 |   1 |  545.0 |
               +--------+--------+--------+--------+--------+-----+--------+

Top non-repeatable levels by time:
     D:7: 1880 daAuts
  Lair:1: 1589 daAuts
     D:9: 1417 daAuts
    D:12: 1351 daAuts
    D:11: 1265 daAuts
  Lair:2: 1164 daAuts
    D:10: 1113 daAuts
     D:1: 1066 daAuts
     D:5: 1032 daAuts
     D:4: 807 daAuts
     D:6: 782 daAuts
     D:2: 709 daAuts
 Ossuary: 545 daAuts
     D:3: 512 daAuts
     D:8: 465 daAuts
